AoeStats
← PALITOMAN

Black Forest

509463272Analyzed
3v3 RM · 6d ago on Sep 26, 2026· 41m 28s· 6 players
Game mode
Random Map
Map size
Normal (6 player)
Population
200
Speed
Normal
Resources
Standard
Victory
Conquest
Starting age
Dark Age
Ending age
Imperial Age
RankedLock teamsTeams togetherTeam positionsShared explorationLock speedFull tech treeHidden civsTurbo modeCheats
Victory
Defeat
🇵🇪 Tatars · Peru
1135
+15
🇦🇷 Bohemians · Argentina
1123
+16
🇪🇸 Danes · Spain
1103
+17
🇧🇷 Bohemians · Brazil
1152
-17
🇧🇷 Georgians · Brazil
1119
-16
🇧🇷 Ethiopians · Brazil
1096
-15
ELTRAVERO
0:26 Loom
13:16 Feudal Age
14:04 Double-Bit Axe
19:38 Castle Age
19:21 Wheelbarrow
20:31 Bow Saw
20:42 Padded Archer Armor
22:14 Chemistry
23:11 Leather Archer Armor
31:47 Horse Collar
32:40 Fervor
33:18 Hand Cart
36:10 Imperial Age
35:45 Leather Archer Armor
ozzyhapdo
10:28 Feudal Age
15:07 Castle Age
14:06 Horse Collar
14:14 Double-Bit Axe
16:03 Bow Saw
15:55 Heavy Plow
16:05 Town Watch
18:56 Wheelbarrow
21:26 Loom
23:13 Hand Cart
24:38 Stone Mining
28:07 Imperial Age
25:33 Treadmill Crane
26:09 Town Patrol
26:17 Scale Mail Armor
26:27 Forging
27:33 Fortified Wall
27:50 Fletching
29:05 Ballistics
28:44 Bodkin Arrow
28:51 Padded Archer Armor
29:31 Bracer
30:09 Crop Rotation
30:08 Conscription
30:30 Heavy Cavalry Archer
31:59 Husbandry
32:32 Scale Barding Armor
32:52 Gold Mining
33:54 Bloodlines
35:08 Chemistry
34:03 Elite Skirmisher
36:10 Silk Armor
35:58 Light Cavalry
37:07 Forging
37:49 Gold Shaft Mining
38:37 Leather Archer Armor
39:00 Iron Casting
39:13 Timurid Siegecraft
38:45 Heavy Camel Rider
38:46 Hussar
40:16 Herbal Medicine
41:26 Chain Barding Armor
41:37 Ring Archer Armor
42:08 Blast Furnace
41:52 Siege Engineers
41:57 Caravan
PALITOMAN
4:00 Loom
11:58 Feudal Age
13:21 Double-Bit Axe
16:51 Castle Age
19:47 Redemption
22:01 Bow Saw
34:29 Imperial Age
32:22 Pikeman
33:33 Arson
34:42 Onager
36:06 Capped Ram
38:36 Forging
38:27 Scale Mail Armor
DougSh4rK
9:52 Loom
11:41 Feudal Age
17:15 Castle Age
15:48 Gold Mining
15:46 Horse Collar
15:54 Double-Bit Axe
23:07 Gold Mining
28:27 Forging
28:33 Scale Barding Armor
31:56 Wheelbarrow
34:37 Chain Barding Armor
34:53 Iron Casting
38:50 Imperial Age
41:18 Elite Skirmisher
Wololo 2.0
0:36 Loom
11:27 Feudal Age
17:46 Castle Age
15:45 Double-Bit Axe
16:34 Horse Collar
19:11 Bow Saw
22:17 Chemistry
27:53 Wheelbarrow
29:40 Heavy Plow
34:13 Imperial Age
32:53 Hand Cart
32:57 Pikeman
33:37 Squires
34:55 Scale Mail Armor
34:59 Padded Archer Armor
34:50 Fletching
36:35 Elite Skirmisher
37:36 Leather Archer Armor
37:12 Fletching
37:39 Chain Mail Armor
40:12 Town Watch
Siqueira
0:48 Loom
12:37 Feudal Age
19:43 Castle Age
20:42 Double-Bit Axe
20:24 Crossbowman
22:21 Fletching
33:43 Bodkin Arrow
Connection lost

Rejoining the realm…

Still unreachable

The connection could not be restored.

Session expired

The server has moved on; the page needs a fresh start.